 Dungeon Crawl Stone Soup version 0.28.0-53-g5a82cb258f (webtiles) character file.

Game seed: 7615563606539520921

1590 Infinimo the Basher (level 8, -9/52 HPs)
             Began as a Gargoyle Berserker on June 14, 2022.
             Was a Believer of Trog.
             Mangled by Duvessa
             ... wielding a +0 short sword
              (11 damage)
             ... on level 5 of the Dungeon.
             The game lasted 00:04:58 (5849 turns).

Infinimo the Basher (Gargoyle Berserker)            Turns: 5849, Time: 00:04:59

Health: -9/52      AC: 15    Str: 23    XL:     8   Next: 92%
Magic:  8/8        EV:  8    Int:  8    God:    Trog [**....]
Gold:   137        SH:  0    Dex:  9    Spells: 7/7 levels left

rFire   . . .      SeeInvis .   a - +0 mace
rCold   . . .      Faith    .   (no shield)
rNeg    + . .      Spirit   .   n - +0 chain mail
rPois   ∞          Reflect  .   (no helmet)
rElec   +          Harm     .   (no cloak)
rCorr   .          Rampage  .   (no gloves)
Will    ++...                   (no boots)
Stlth   ..........              (no amulet)
HPRegen 1.17/turn               (no ring)
MPRegen 0.11/turn               (no ring)

@: strong-willed (expiring), on berserk cooldown, regenerating (expiring),
slowed, studying Throwing, very slow
A: sickness immunity, AC +5, negative energy resistance 1, electricity
resistance, torment resistance 1, petrification resistance
a: Renounce Religion, Berserk, Trog's Hand


You were on level 5 of the Dungeon.
You worshipped Trog.
Trog was pleased with you.
You visited 1 branch of the dungeon, and saw 5 of its levels.

You collected 137 gold pieces.

Inventory:

Hand Weapons
 a - a +0 mace (weapon)
Armour
 n - a +0 chain mail (worn)
Wands
 f - a wand of digging (6)
Scrolls
 c - 2 scrolls of noise
 e - 2 scrolls of fear
 l - a scroll of teleportation {unknown}
 m - a scroll of identify
 o - a scroll of holy word
Potions
 b - 3 potions of attraction
 d - 2 potions of lignification
 g - a potion of curing {unknown}
 h - 2 potions of mutation {unknown}
 i - a potion of heal wounds {unknown}
 j - a potion of might {unknown}
 k - a potion of haste {unknown}
 p - a potion of flight {unknown}


   Skills:
 + Level 6.8 Fighting
 * Level 8.3 Maces & Flails
 + Level 6.3 Armour
 - Level 1.5 Dodging


You had 7 spell levels left.
You didn't know any spells.
Your spell library was empty.

Dungeon Overview and Level Annotations

Branches:
Dungeon (5/15)
 Temple: D:4-7

Altars:
Ashenzari
Elyvilon
Fedhas
Gozag
Nemelex Xobeh
Sif Muna
Trog

Annotations:
D:4 2 transporters
D:5 Duvessa


Innate Abilities, Weirdness & Mutations

You are immune to sickness and miasma.
Your stone body is resilient. (AC +5)
You are immune to poison.
You resist negative energy. (rN+)
You are resistant to electric shocks. (rElec)
You are resistant to unholy torment.
You are immune to petrification.


Message History

Trog appreciates your killing of a magic user.
You hear a distant scream of rage.
p - an orange potion
Things that are here:
the +7 spear "Concordance" {vorpal, +Blink rN+ rCorr Dex+2}; a +0 robe; the elf corpse of Dowan You start resting.
You feel a strong urge to attack something.
You are no longer berserk.
You are exhausted.
You feel yourself slow down.
You start resting.
Duvessa is nearby!
Duvessa is nearby!
Duvessa shouts!
Duvessa goes berserk!
Duvessa rages.
Okay, then.
Okay, then.
Your skin crawls.
You feel strong-willed.
Duvessa rages.
Duvessa hits you with a +0 short sword.
You barely miss Duvessa. Duvessa hits you but does no damage. x2
You hit Duvessa.
Duvessa is lightly wounded.
Duvessa hits you with a +0 short sword. Duvessa barely misses you.
You barely miss Duvessa.
Duvessa is lightly wounded.
You feel the effects of Trog's Hand fading.
Duvessa hits you with a +0 short sword!
* * * LOW HITPOINT WARNING * * *
Duvessa hits you but does no damage.
You barely miss Duvessa.
Duvessa is lightly wounded.
Duvessa hits you with a +0 short sword!
* * * LOW HITPOINT WARNING * * *
Duvessa hits you with a +0 short sword.
* * * LOW HITPOINT WARNING * * *
Duvessa hits you with a +0 short sword!
You die...

#.# .# ########.#..#
#.# .# ............#
..#######.#
.######.##.####
........#..
#.##....#
#######.#.# #######
#.#####.#
.....#..#.####.....#
[.# #.#
####.#..#......).#
### #..
#.........#.# ######
#.........e@# #.....
#.########..# #.####
#.##.#####..# #.####
#........#..# #.#...
########.#..# #.#.##
#######....#..#
#.#.#.
#_..._##...#..#
#.#.#.
#≈#'#≈###.##..#
#.#.#. # #.###
#.....# #.#.##


You could see Duvessa (berserk).

Vanquished Creatures
  Pikel (D:4)
  A yak (D:5)
  A black bear (D:5)
  An ice beast (D:3)
  A sky beast (D:5)
  2 ogres (D:5)
  A lemure (D:4)
  2 phantoms (D:5)
  A bullfrog (D:5)
  Dowan (D:5)
  A howler monkey (D:5)
  A bullfrog skeleton (D:4)
  2 iguanas
  A hound zombie (D:5)
  A howler monkey skeleton (D:4)
  6 adders
  An ufetubus (D:3)
  2 worms
  A dart slug (D:3)
  6 orcs
  6 bats
  6 endoplasms
  2 giant cockroaches (D:1)
  4 goblins
  7 hobgoblins
  6 kobolds
  2 quokkas
  3 ball pythons
  3 frilled lizards
  8 rats
81 creatures vanquished.

Vanquished Creatures (others)
  An endoplasm (D:4)
1 creature vanquished.

Grand Total: 82 creatures vanquished

Notes
Turn   | Place    | Note
-------+----------+-------------------------------------------
     0 | D:1      | Infinimo the Gargoyle Berserker began the quest for the
                  | Orb.
     0 | D:1      | Reached XP level 1. HP: 14/14 MP: 1/1
   297 | D:1      | Reached XP level 2. HP: 18/19 MP: 2/2
  1115 | D:2      | Found a faded altar of an unknown god.
  1160 | D:2      | Reached XP level 3. HP: 23/23 MP: 3/3
  1842 | D:3      | Reached ** piety under Trog
  1932 | D:3      | Reached skill level 4 in Maces & Flails
  1969 | D:3      | Reached XP level 4. HP: 29/29 MP: 4/4
  2662 | D:3      | Noticed an ice beast
  2669 | D:3      | Killed an ice beast
  2670 | D:3      | Reached XP level 5. HP: 34/34 MP: 5/5
  3483 | D:4      | Found an opulent altar of Gozag.
  3483 | D:4      | Found a broken altar of Ashenzari.
  3497 | D:4      | Found a shimmering blue altar of Sif Muna.
  3537 | D:4      | Reached skill level 5 in Maces & Flails
  3537 | D:4      | Reached XP level 6. HP: 29/39 MP: 6/6
  3847 | D:4      | Found a white marble altar of Elyvilon.
  3885 | D:4      | Found a transporter.
  4055 | D:4      | Found a transporter.
  4267 | D:5      | Entered Level 5 of the Dungeon
  4321 | D:5      | Noticed a black bear
  4329 | D:5      | Noticed a yak
  4343 | D:5      | Killed a yak
  4344 | D:5      | Reached skill level 5 in Fighting
  4344 | D:5      | Reached XP level 7. HP: 21/44 MP: 7/7
  4536 | D:5      | Reached skill level 6 in Maces & Flails
  4834 | D:5      | Reached skill level 5 in Armour
  4913 | D:5      | Noticed Pikel
  5156 | D:4      | Killed Pikel
  5157 | D:4      | Reached skill level 7 in Maces & Flails
  5157 | D:4      | Reached XP level 8. HP: 52/52 MP: 8/8
  5258 | D:5      | Found a bloodstained altar of Trog.
  5258 | D:5      | Found a blossoming altar of Fedhas.
  5541 | D:5      | Reached skill level 8 in Maces & Flails
  5576 | D:5      | Found a sparkling altar of Nemelex Xobeh.
  5633 | D:5      | Noticed Duvessa
  5807 | D:5      | Identified the +7 spear "Concordance" {vorpal, +Blink rN+
                  | rCorr Dex+2}
  5807 | D:5      | Noticed Dowan
  5821 | D:5      | Killed Dowan
  5849 | D:5      | HP: 2/52 [Duvessa/+0 short sword (6)]
  5849 | D:5      | Mangled by Duvessa

Illustrated notes

Levels and vault maps discovered:
D:1:      dpeg_arrival_court, layout_basic
D:2:      layout_basic, ebering_ecumenical_altar_mist
D:3:      layout_loops_corners
D:4:      gammafunk_cloud_chamber, layout_loops_corners,
          mainiacjoe_overflow_six_doors_small, elyvilon_altar_4,
          gammafunk_temple_overflow_wave, minmay_tree_intersection, minivault_24
D:5:      layout_basic, gammafunk_temple_overflow_elements,
          nemelex_dance_club_becter, minmay_manual_mail, uniq_duvessa,
          uniq_pikel

Skill      XL: |  1  2  3  4  5  6  7  8 |
---------------+-------------------------+-----
Maces & Flails | 4 5 7 8 |  8.3
Armour         | 3 4 5 6 |  6.3
Fighting       | 4 5 6 |  6.8
Dodging        | |  1.5

Action                   |  1- 3 |  4- 6 |  7- 9 || total
-------------------------+-------+-------+-------++-------
Melee: Mace              |   118 |   111 |   135 ||   364
       Punch             |       |     3 |     1 ||     4
Invok: Berserk           |     4 |     5 |     7 ||    16
       Trog's Hand       |       |       |     1 ||     1
  Use: Scroll            |       |     8 |     2 ||    10
       Potion            |       |       |     1 ||     1
 Stab: Sleeping          |     1 |       |       ||     1
Armor: Animal skin       |    59 |    13 |       ||    72
       Chain mail        |       |    34 |    80 ||   114
Dodge: Dodged            |    84 |    50 |    47 ||   181
